AoeStats
← William T. Piker

Nomad

510225814Analyzed
2v2 RM · 1d ago on Sep 30, 2026· 34m 52s· 4 players
Game mode
Random Map
Map size
176×176
Population
200
Speed
Normal
Resources
Standard
Victory
Conquest
Starting age
Dark Age
Ending age
Imperial Age
RankedLock teamsTeams togetherTeam positionsShared explorationLock speedFull tech treeHidden civsTurbo modeCheats
Victory
Defeat
🇺🇸 Italians · United States
1238
+15
🇺🇸 Malians · United States
1238
+15
🇲🇽 Bengalis · Mexico
1232
-16
🇲🇽 Italians · Mexico
1189
-14
vllanos60
6:18 Loom
14:57 Feudal Age
20:23 Castle Age
19:08 Fletching
20:23 Padded Archer Armor
24:21 Crossbowman
27:33 Double-Bit Axe
29:37 Bow Saw
29:08 Horse Collar
34:51 Bodkin Arrow
cesar_220988
4:26 Loom
13:11 Feudal Age
14:33 Double-Bit Axe
18:57 Fletching
21:43 Castle Age
19:45 Fishing Lines
21:59 Stone Mining
23:31 Gold Mining
25:51 Padded Archer Armor
William T. Piker
4:15 Loom
14:05 Feudal Age
14:12 Man-at-Arms
16:29 Forging
18:46 Arson
22:39 Castle Age
20:48 Scale Mail Armor
21:13 Stone Mining
28:57 Horse Collar
30:22 Fishing Lines
33:58 Wheelbarrow
33:08 Town Watch
34:29 Gold Mining
34:36 Double-Bit Axe
Jean-Luc Petard
4:46 Loom
13:14 Feudal Age
16:22 Fletching
18:58 Castle Age
16:48 Double-Bit Axe
18:14 Padded Archer Armor
19:44 Bodkin Arrow
20:53 Bow Saw
22:13 Thumb Ring
22:01 Crossbowman
23:02 Leather Archer Armor
26:37 Wheelbarrow
26:34 Gold Mining
33:42 Imperial Age
32:23 Ballistics
33:59 Arbalester
35:38 Conscription
36:22 Chemistry
Connection lost

Rejoining the realm…

Still unreachable

The connection could not be restored.

Session expired

The server has moved on; the page needs a fresh start.